 Dungeon Crawl Stone Soup version 0.24.0-37-gcf1ca852f1 (webtiles) character file.

Game seed: 17796976558775199025, levelgen mode: deterministic

2317 Mrkan the Grappler (level 9, -2/92 HPs)
             Began as a Troll Monk on Nov 29, 2019.
             Was an Elder of Uskayaw.
             Slain by a hippogriff (4 damage)
             ... on level 8 of the Dungeon.
             The game lasted 00:10:23 (5526 turns).

Mrkan the Grappler (Troll Monk)                     Turns: 5526, Time: 00:10:24

Health: -2/92      AC:  7    Str: 21    XL:     9   Next: 18%
Magic:  9/9        EV: 10    Int: 12    God:    Uskayaw [****..]
Gold:   162        SH:  0    Dex: 12    Spells: 8/8 levels left

rFire    . . .     SeeInvis .     - Unarmed
rCold    . . .     Gourm    +   (no shield)
rNeg     . . .     Faith    .   o - +0 robe {Archmagi}
rPois    .         Spirit   .   t - +0 hat {Int+3}
rElec    .         Reflect  .   k - +0 cloak
rCorr    .         Harm     .   (gloves unavailable)
MR       .....                  (boots unavailable)
Stlth    +.........             (no amulet)
HPRegen  0.65/turn              (no ring)
MPRegen  0.11/turn              (no ring)

@: flying, drained
A: large, unfitting armour, claws 3, fast metabolism 3, gourmand, regeneration
1, shaggy fur 1, tough skin 3
a: Stomp, Line Pass, Renounce Religion


You were on level 8 of the Dungeon.
You worshipped Uskayaw.
Uskayaw was noncommittal.
You were not hungry.

You visited 1 branch of the dungeon, and saw 8 of its levels.

You collected 337 gold pieces.
You spent 175 gold pieces at shops.

Inventory:

Armour
 a - a +0 robe
 k - a +0 cloak (worn)
 o - a +0 robe of the Archmagi (worn)
 t - a +0 hat of intelligence (worn)
 L - a +0 robe of positive energy
Jewellery
 i - an uncursed ring of wizardry {unknown}
 m - an uncursed ring of flight {unknown}
 y - a +4 ring of dexterity {unknown}
 B - an uncursed amulet of regeneration {unknown}
 C - an uncursed amulet of magic regeneration {unknown}
 F - an uncursed ring of stealth
 G - a cursed -2 ring of strength {unknown}
 J - an uncursed amulet of faith {unknown}
Wands
 H - a wand of random effects (31)
Scrolls
 d - 11 scrolls of identify {unknown}
 f - 4 scrolls of blinking {unknown}
 g - 7 scrolls of teleportation {unknown}
 h - 5 scrolls of fog {unknown}
 q - a scroll of fear {unknown}
 s - a scroll of enchant weapon {unknown}
 w - 4 scrolls of immolation {unknown}
 x - a scroll of enchant armour {unknown}
 A - 2 scrolls of amnesia {unknown}
 D - 3 scrolls of remove curse {unknown}
 E - 2 scrolls of magic mapping {unknown}
Potions
 c - a potion of haste {unknown}
 e - a potion of flight
 j - 2 potions of degeneration {unknown}
 l - 2 potions of heal wounds {unknown}
 n - 3 potions of curing {unknown}
 p - 2 potions of ambrosia {unknown}
 r - a potion of cancellation {unknown}
 u - 2 potions of mutation {unknown}
 v - 2 potions of lignification {unknown}
 z - 2 potions of invisibility {unknown}
 I - a potion of brilliance {unknown}
Comestibles
 b - 14 rations


   Skills:
 + Level 6.4(5.7) Fighting
 - Level 2.4(1.7) Dodging
 - Level 1.0(0.4) Stealth
 - Level 10.1(9.2) Unarmed Combat
 * Level 2.3(1.7) Invocations


You had 8 spell levels left.
You didn't know any spells.
Your spell library contained the following spells:

 Spells                   Type           Power        Failure   Level  Hunger
 Corona                   Hex            #......      32%         1    ##.....
 Shock                    Conj/Air       #...         32%         1    ##.....
 Ensorcelled Hibernation  Hex/Ice        #.....       45%         2    ###....
 Swiftness                Chrm/Air       #.......     45%         2    ###....
 Confuse                  Hex            #.......     69%         3    ####...
 Dazzling Spray           Conj/Hex       #.....       69%         3    ####...
 Static Discharge         Conj/Air       #.......     69%         3    ####...
 Tukima's Dance           Hex            #.......     69%         3    ####...
 Airstrike                Air            #.........   97%         4    #####..
 Lightning Bolt           Conj/Air       #.........   100%        5    ######.


Dungeon Overview and Level Annotations

Branches:
Dungeon (8/15)             Temple (0/1) D:6
   Lair: D:8-11

Altars:
Dithmenos
Fedhas
Sif Muna
Trog
Uskayaw
Wu Jian
Xom

Shops:
D:4 [}*(   D:5 %}}


Innate Abilities, Weirdness & Mutations

You are too large for most types of armour.
You have claws for hands.
Your metabolism is lightning-fast.
You like to eat raw meat.
Your natural rate of healing is unusually fast.
You are covered in fur. (AC +1)
You have extremely tough skin. (AC +3)


Message History

It was a potion of flight.
You feel very buoyant.
You fly up into the air.
The orc hits you from afar with a cursed +0 trident.
* * * LOW HITPOINT WARNING * * *
The two-headed ogre closely misses you.
The two-headed ogre hits you with a +0 giant club.
* * * LOW HITPOINT WARNING * * *
Something hits you but does no damage. The hippogriff bites you.
* * * LOW HITPOINT WARNING * * *
The hippogriff pecks you.
* * * LOW HITPOINT WARNING * * *
The hippogriff claws you but does no damage.
You closely miss the hippogriff.
The hippogriff is almost dead.
Something hits you but does no damage.
The orc hits you from afar with a cursed +0 trident.
* * * LOW HITPOINT WARNING * * *
The hippogriff bites you.
You die...

##### ....##### .......
###.....## .......
######..######## .......
................. .......
#.............## .......
(..............# .......
..............>###O......
.............(.O@Ho......
....(..........##{o.#.###
...........[...####....#
..............# #.....
............## ##.##
.....#....O## #
........... ###.######


You could see a two-headed ogre, a hippogriff, an ogre and 2 orcs.

Vanquished Creatures
  A wyvern (D:8)
  A water moccasin (D:6)
  Duvessa (D:7)
  2 sky beasts
  A necrophage (D:7)
  2 ogres
  3 centaurs (D:5)
  Dowan (D:7)
  A scorpion (D:5)
  A wyvern skeleton (D:7)
  5 wights
  A crimson imp (D:5)
  A howler monkey (D:6)
  A jelly (D:8)
  2 centaur skeletons
  Crazy Yiuf (D:3)
  A bullfrog skeleton (D:7)
  5 orc priests
  Terence (D:3)
  6 orc wizards
  3 worker ants (D:4)
  Robin (D:3)
  8 adders
  A howler monkey skeleton (D:5)
  3 shadow imps
  2 oozes
  An adder zombie (D:5)
  2 adder skeletons (D:4)
  2 worms
  A dart slug (D:3)
  4 leopard geckos
  23 orcs
  9 bats
  6 giant cockroaches
  15 goblins
  6 hobgoblins
  8 jackals
  9 kobolds
  2 quokkas (D:3)
  A ball python (D:4)
  8 frilled lizards
  12 rats
  A plant (D:1)
166 creatures vanquished.

Notes
Turn   | Place    | Note
-------+----------+-------------------------------------------
     0 | D:1      | Mrkan the Troll Monk began the quest for the Orb.
     0 | D:1      | Reached XP level 1. HP: 22/22 MP: 0/0
    64 | D:1      | Reached XP level 2. HP: 28/29 MP: 1/1
   488 | D:1      | Reached XP level 3. HP: 36/36 MP: 2/2
   976 | D:2      | Reached skill level 4 in Unarmed Combat
  1413 | D:2      | Found a shimmering blue altar of Sif Muna.
  1682 | D:3      | Reached XP level 4. HP: 42/45 MP: 3/3
  1803 | D:3      | Found a runed translucent door.
  1804 | D:3      | Noticed Crazy Yiuf
  1931 | D:3      | Reached skill level 5 in Unarmed Combat
  1996 | D:3      | Noticed Robin
  2023 | D:3      | Reached XP level 5. HP: 53/53 MP: 4/4
  2047 | D:3      | Killed Robin
  2091 | D:3      | Noticed Terence
  2106 | D:3      | Killed Terence
  2233 | D:3      | Found a hide-covered altar of Uskayaw.
  2241 | D:3      | Became a worshipper of Uskayaw the Reveler
  2241 | D:3      | Reached * piety under Uskayaw
  2637 | D:3      | Reached ** piety under Uskayaw
  2638 | D:3      | Killed Crazy Yiuf
  2826 | D:4      | Found a bloodstained altar of Trog.
  2893 | D:4      | Found Qewel's Antique Armour Emporium.
  2898 | D:4      | Bought a runed hat for 175 gold pieces
  2933 | D:4      | Reached XP level 6. HP: 54/62 MP: 5/5
  2956 | D:4      | Reached skill level 6 in Unarmed Combat
  3083 | D:4      | Found Kiototwi's Antique Weapon Shoppe.
  3139 | D:4      | Found Gahy's General Store.
  3154 | D:4      | Found Xoduxyluth's Gadget Boutique.
  3456 | D:5      | Entered Level 5 of the Dungeon
  3524 | D:5      | Found a blossoming altar of Fedhas.
  3555 | D:5      | Reached XP level 7. HP: 34/70 MP: 6/6
  3623 | D:5      | Found Giurac's Gadget Shop.
  3712 | D:5      | Found Syazohay's Food Shoppe.
  3717 | D:5      | Reached skill level 7 in Unarmed Combat
  3883 | D:5      | Found Fisium's Gadget Emporium.
  4195 | D:6      | Found a staircase to the Ecumenical Temple.
  4267 | D:6      | Found a shimmering altar of Xom.
  4286 | D:6      | Reached skill level 8 in Unarmed Combat
  4286 | D:6      | Reached *** piety under Uskayaw
  4291 | D:6      | Reached **** piety under Uskayaw
  4298 | D:6      | Reached skill level 5 in Fighting
  4308 | D:6      | Reached XP level 8. HP: 29/80 MP: 7/7
  4403 | D:6      | Identified the cursed +1 robe of Tartarus {-Cast +Fly rElec
                  | Dex-4}
  4772 | D:6      | Reached skill level 9 in Unarmed Combat
  4823 | D:7      | Found a shadowy altar of Dithmenos.
  5062 | D:7      | Found an ornate altar of the Wu Jian Council.
  5207 | D:7      | Noticed Duvessa
  5207 | D:7      | Noticed Dowan
  5212 | D:7      | Killed Duvessa
  5215 | D:7      | Killed Dowan
  5325 | D:7      | Reached skill level 10 in Unarmed Combat
  5369 | D:7      | Reached XP level 9. HP: 65/89 MP: 8/8
  5423 | D:7      | Reached skill level 1 in Invocations
  5512 | D:8      | Noticed a two-headed ogre
  5526 | D:8      | HP: 2/92 [orc/cursed +0 trident (4)]
  5526 | D:8      | Slain by a hippogriff

Levels and vault maps discovered:
D:1:      elethiomel_arrival_shortcut, layout_basic, serial_forest,
          infiniplex_forest_clump_medium, infiniplex_forest_clump_tiny,
          infiniplex_forest_clump_double, infiniplex_forest_diagonal,
          infiniplex_forest_end_2, kennysheep_decorative_pillar,
          minmay_tiny_reverse_x
D:2:      cheibrodos_helix_gallery, layout_basic, lemuel_blue_sif_altar
D:3:      layout_basic, lemuel_coloured_pillars_altar, first_ration,
          minmay_misc_feat_enclosed, minmay_checkerbox, uniq_crazy_yiuf_cottage,
          uniq_terence, uniq_robin
D:4:      layout_loops_ring, serial_shops, kennysheep_little_box,
          kennysheep_mini_moat, nicolae_shop_overgrown_old_shop,
          nicolae_shop_behind_doors, lemuel_tele_altar
D:5:      layout_loops_ring, fedhas_ov_isle_minmay, serial_shops, shop, shop,
          nicolae_shop_statue_plus
D:6:      layout_rooms, xom_butterflies, minmay_temple_entry_statues
D:7:      lemuel_ice_spiral_2, layout_basic, grunt_dithmenos_smoke,
          lemuel_doored_altar, uniq_duvessa
D:8:      layout_rooms, hangedman_pestilent_swarm

Skill      XL: |  1  2  3  4  5  6  7  8  9 |
---------------+----------------------------+-----
Unarmed Combat | 4 5 6 8 10 | 10.1
Fighting       | 3 4 5 6 |  6.4
Invocations    | 2 |  2.3
Dodging        | |  2.4
Stealth        | |  1.0

Action                   |  1- 3 |  4- 6 |  7- 9 || total
-------------------------+-------+-------+-------++-------
Melee: Unarmed           |   123 |   157 |   190 ||   470
       Punch             |     4 |       |     5 ||     9
  Use: Potion            |       |       |     1 ||     1
 Stab: Sleeping          |     3 |     3 |     1 ||     7
       Paralysed         |       |       |     5 ||     5
  Eat: Chunk             |    19 |    19 |    13 ||    51
Armor: Robe              |    43 |    78 |    73 ||   194
Dodge: Dodged            |    71 |    88 |    75 ||   234
